 Dungeon Crawl Stone Soup version 0.30.0 (webtiles) character file.

Game seed: 4109768432696123199

129587 Esekla the Thaumaturge (level 16, 0/118 (120) HPs)
             Began as a Demonspawn Wanderer on May 6, 2023.
             Was a Priest of Ashenzari.
             Slain by a pharaoh ant (23 damage)
             ... on level 3 of the Spider Nest.
             The game lasted 03:38:07 (32060 turns).

Esekla the Thaumaturge (Demonspawn Wanderer)       Turns: 32060, Time: 03:38:07

HP:   0/118 (120)   AC: 29    Str: 13    XL:     16   Next: 51%
MP:   29/41         EV: 14    Int: 22    God:    Ashenzari [***...]
Gold: 3120          SH: 16    Dex: 12    Spells: 4/39 levels left

rFire   . . .        a - +2 falchion (protect)
rCold   . . .        Q - +3 warlock's mirror {omnireflect, Cun, Elem} (curse)
rNeg    . . .        y - +0 troll leather armour
rPois   .            E - +2 helmet "Cursed Together" {Cun, Alch} (curse)
rElec   .            k - +2 cloak
rCorr   .            S - +2 pair of gloves of the Elysian Nihilism {Bglg, Melee} (curse)
SInv    +            (boots unavailable)
Will    +....        F - amulet of Ashenzari's Inaction {RegenMP, Cun, Bglg} (curse)
Stlth   ++++         w - ring "Gaze Upon Infinity" {MP+9, Comp, Fort} (curse)
HPRegen 1.19/turn    W - +4 ring of slaying
MPRegen 0.67/turn

%: reflection, clarity
@: ice-armoured, wereblooded, slowed, lightly drained, very slow
A: hooves 3, large bone plates 1, demonic guardian 2, icemail 2, condensation
shield
a: Renounce Religion, Curse Item, Shatter the Chains


You were on level 3 of the Spider Nest.
You worshipped Ashenzari.
Ashenzari was most pleased with you.
You visited 5 branches of the dungeon, and saw 26 of its levels.
You also visited: Volcano.

You collected 4434 gold pieces.
You spent 1314 gold pieces at shops.

Inventory:

Hand Weapons
 a - a +2 falchion of protection (weapon)
 q - a +2 trident of flaming
 r - a +2 spear of venom
 s - a +3 dagger
 V - the +1 dagger of Blood {drain, rElec Will++ Dex+2 Stlth-}
   (You bought it in a shop on level 15 of the Dungeon)

   Dex:       It affects your dexterity (+2).
   rElec:     It insulates you from electricity.
   Will:      It greatly increases your willpower.
   Stlth:     It makes you less stealthy.
Missiles
 l - 39 poisoned darts
 G - 5 boomerangs (quivered)
 M - a curare-tipped dart
 U - 4 javelins
Armour
 k - a +2 cloak (worn)
 y - a +0 troll leather armour (worn)
 E - the cursed +2 helmet "Cursed Together" (worn) {Cun, Alch}
   (You found it on level 7 of the Dungeon)

   It has a curse which improves the following skills: Cunning: Dodging and
   Stealth.
   Alchemy:   Poison Magic and Transmutations.
 N - a +1 robe of resistance
 Q - the cursed +3 warlock's mirror (worn) {omnireflect, Cun, Elem}
   (You found it on level 14 of the Dungeon)

   Omnireflect: It can block and reflect piercing ranged attacks and magical
   attacks against the wielder's willpower.
   It has a curse which improves the following skills: Cunning: Dodging and
   Stealth.
   Elements:  Fire Magic, Ice Magic, Air Magic and Earth Magic.
 S - the cursed +2 pair of gloves of the Elysian Nihilism (worn) {Bglg, Melee}
   (You bought it in a shop on level 2 of the Orcish Mines)

   It has a curse which improves the following skills: Beguiling: Conjurations,
   Hexes and Translocations.
   Melee Combat: Short Blades, Long Blades, Axes, Maces & Flails, Polearms,
   Staves and Unarmed Combat.
Jewellery
 w - the cursed ring "Gaze Upon Infinity" (left hand) {MP+9, Comp, Fort}
   (You found it on level 4 of the Dungeon)

   [ring of magical power]

   MP:        It affects your magic capacity (+9).
   It has a curse which improves the following skills: Companions: Summonings
   and Necromancy.
   Fortitude: Armour and Shields.
 F - the cursed amulet of Ashenzari's Inaction (around neck) {RegenMP, Cun, Bglg}
   (You found it on level 7 of the Dungeon)

   [amulet of magic regeneration]

   It increases your rate of magic regeneration.
   It has a curse which improves the following skills: Cunning: Dodging and
   Stealth.
   Beguiling: Conjurations, Hexes and Translocations.
 I - an amulet of reflection
 K - a ring of fire
 W - a +4 ring of slaying (right hand)
Wands
 j - a wand of flame (15)
 v - a wand of digging (12)
 D - a wand of acid (29)
 L - a wand of roots (27)
Scrolls
 b - 6 scrolls of blinking
 e - 4 scrolls of poison
 h - 6 scrolls of fear
 H - 3 scrolls of teleportation
 J - a scroll of enchant weapon
 R - 2 scrolls of fog
 T - a scroll of enchant armour
Potions
 c - 2 potions of invisibility
 d - 6 potions of lignification
 f - 3 potions of ambrosia
 g - 6 potions of heal wounds
 i - 2 potions of flight
 n - 4 potions of might
 p - 8 potions of attraction
 t - 5 potions of brilliance
 u - 4 potions of curing
 x - a potion of berserk rage
 z - 7 potions of resistance
 A - 4 potions of cancellation
 B - 2 potions of magic
 C - 3 potions of haste
 O - 2 potions of mutation


   Skills:
 * Level 9.3 Fighting
 + Level 5.0(9.0) Short Blades
 * Level 9.8(11.7) Long Blades
 + Level 2.8 Throwing
 + Level 3.9(5.3) Armour
 + Level 5.0(7.9) Dodging
 + Level 6.6(9.6) Stealth
 + Level 4.7(6.1) Shields
 * Level 12.0 Spellcasting
 + Level 6.8(9.1) Conjurations
 + Level 10.0(11.5) Necromancy
 + Level 7.3(9.6) Translocations
 * Level 6.3(7.9) Transmutations
 + Level 5.2(6.7) Fire Magic
 + Level 7.0(8.6) Ice Magic
 + Level 6.4(8.0) Air Magic
 * Level 5.3(6.8) Earth Magic
 - Level 5.3(6.7) Poison Magic


You had 4 spell levels left.
You knew the following spells:

 Your Spells              Type           Power      Damage    Failure   Level
a - Ozocubu's Armour      Ice            50%        N/A       1%          3
b - Blink                 Tloc           100%       N/A       1%          2
c - Mephitic Cloud        Conj/Pois/Air  48%        N/A       1%          3
d - Vampiric Draining     Necr           59%        2d10      1%          3
i - Irradiate             Conj/Tmut      25%        3d20      7%          5
n - Ignite Poison         Fire/Tmut/Pois 44%        N/A       1%          3
p - Apportation           Tloc           100%       N/A       1%          1
w - Wereblood             Tmut           48%        N/A       1%          2
x - Olgreb's Toxic Radia  Pois           43%        N/A       4%          4
y - Sticky Flame          Conj/Fire      48%        2d7       3%          4
z - Freezing Cloud        Conj/Ice/Air   25%        6-21      6%          5

Your spell library contained the following spells:

 Spells                   Type           Power      Damage    Failure   Level
 Beastly Appendage        Tmut           96%        N/A       1%          1
 Magic Dart               Conj           100%       1d8       1%          1
 Necrotise                Necr           100%       1d9       1%          1
 Sandblast                Erth           86%        2d18      1%          1
 Shock                    Conj/Air       100%       1d9       1%          1
 Sting                    Tmut/Pois      100%       1d8       1%          1
 Cigotuvi's Dreadful Rot  Necr/Pois/Air  100%       N/A       1%          2
 Lesser Beckoning         Tloc           100%       N/A       1%          2
 Momentum Strike          Conj/Tloc      100%       3d10      1%          2
 Passwall                 Tmut/Erth      37%        N/A       1%          2
 Poisonous Vapours        Pois/Air       90%        N/A       1%          2
 Scorch                   Fire           84%        2d8       1%          2
 Searing Ray              Conj           100%       2d8       1%          2
 Sublimation of Blood     Necr           59%        N/A       1%          2
 Spider Form              Tmut/Pois      45%        N/A       1%          3
 Stone Arrow              Conj/Erth      96%        3d13      1%          3
 Swiftness                Air            48%        N/A       1%          3
 Vhi's Electric Charge    Tloc/Air       100%       N/A       1%          3
 Portal Projectile        Hex/Tloc       70%        N/A       3%          3
 Airstrike                Air            24%        2d(4-20)  3%          4
 Flame Wave               Conj/Fire      48%        2d12      3%          4
 Petrify                  Tmut/Erth      45%        N/A       3%          4
 Inner Flame              Hex/Fire       28%        N/A       5%          3
 Slow                     Hex            56%        N/A       7%          1
 Summon Small Mammal      Summ           56%        N/A       8%          1
 Fulminant Prism          Conj/Hex       17%        3d10      12%         4
 Summon Ice Beast         Ice/Summ       32%        N/A       13%         4
 Call Canine Familiar     Summ           14%        N/A       22%         3
 Confusing Touch          Hex            14%        N/A       22%         3
 Summon Guardian Golem    Hex/Summ       14%        N/A       22%         3
 Tukima's Dance           Hex            14%        N/A       22%         3
 Iskenderun's Battlesphe  Conj           52%        2d10      4%          5
 Arcjolt                  Conj/Air       25%        1d35      6%          5
 Fireball                 Conj/Fire      24%        3d11      9%          5
 Conjure Ball Lightning   Conj/Air       25%        3x3d7     34%         6
 Yara's Violent Unravell  Hex/Tmut       15%        3d8       38%         5
 Orb of Destruction       Conj           26%        9d9       83%         7
 Summon Mana Viper        Hex/Summ       14%        N/A       89%         5
 Ozocubu's Refrigeration  Ice            25%        4d13      89%         7
 Summon Cactus Giant      Summ           7%         N/A       100%        6
 Monstrous Menagerie      Summ           7%         N/A       100%        7
 Discord                  Hex            7%         N/A       100%        8
 Disjunction              Tloc           26%        N/A       100%        8
 Ignition                 Fire           21%        3d8       100%        8
 Maxwell's Capacitive Co  Air            24%        ∞         100%        8


Dungeon Overview and Level Annotations

Branches:
Dungeon (15/15)            Temple (1/1) D:6            Lair (5/5) D:11
  Swamp (0/4) Lair:2       Spider (3/4) Lair:2        Slime (0/5) Lair:4
    Orc (2/2) D:9             Elf (0/3) Orc:2        Vaults (0/5) D:14
 Depths (0/4) D:15        Volcano (visited)

Altars:
Ashenzari
Cheibriados
Dithmenos
Fedhas
Gozag
Hepliaklqana
Kikubaaqudgha
Makhleb
Nemelex Xobeh
Okawaru
Qazlal
Ru
Sif Muna
Trog
Uskayaw
Vehumet
Wu Jian
Xom
Yredelemnul
Jiyva

Shops:
D:1 :   D:5 (   D:10 =   D:15 *   Orc:2 :(*[

Annotations:
D:3 2 transporters, 2 iron imps, hawla's ghost, amateur MeFE
Lair:5 3 runed translucent doors, buriedalive's ghost, journeyman DEIE
Orc:2 1 transporter, reasonance's ghost, journeyman GrBe


Innate Abilities, Weirdness & Mutations

You have hooves in place of feet.
You are partially covered in large bone plates. (SH +4)
A demonic guardian rushes to your aid.
A meltable icy envelope protects you from harm. (AC +8)
A meltable shield of frost defends you. (SH +4)


Message History

The pharaoh ant burns!
The culicivora is healed somewhat.
The pharaoh ant bites you but does no damage.
You block the pharaoh ant's attack.
The broodmother is healed somewhat.
The pharaoh ant bites you but does no damage.
The broodmother summons spiders!
Casting: Sticky Flame (mildly dangerous; 3% risk of failure)
Confirm with . or Enter, or press ? or * to list all spells.
You begin to radiate toxic energy.
The torpor snail is poisoned.
The broodmother is poisoned.
The culicivora is poisoned.
The broodmother is poisoned. x2; The culicivora is poisoned.
The jumping spider is poisoned.
The redback is poisoned. x2
The jumping spider is poisoned.
The wolf spider is poisoned.
The culicivora looks even sicker.
The broodmother looks even sicker.
The culicivora looks even sicker.
The jumping spider looks even sicker.
The redback looks even sicker.
The wolf spider looks even sicker.
You kill the culicivora!
The pharaoh ant burns! x2; The pharaoh ant bites you!
The pharaoh ant bites you but does no damage.
You block the pharaoh ant's attack. x2; The pharaoh ant closely misses you.
The pharaoh ant bites you.
The broodmother summons spiders!
The pharaoh ant bites you! x2
* * * LOW HITPOINT WARNING * * *
You feel much better.
The torpor snail looks even sicker.
The tarantella is poisoned.
The broodmother looks as sick as possible!
The culicivora looks even sicker.
The redback looks even sicker.
The jumping spider looks even sicker.
The wolf spider looks even sicker.
The redback is poisoned.
Your toxic aura wanes.
The pharaoh ant burns!
You block the pharaoh ant's attack.
The tarantella is healed somewhat.
The broodmother summons a spider!
The pharaoh ant bites you!!
A demonic guardian appears!
The pharaoh ant bites you!!
* * * LOW HITPOINT WARNING * * *
The pharaoh ant bites you.
* * * LOW HITPOINT WARNING * * *
You feel drained.
* * * LOW HITPOINT WARNING * * *
The broodmother summons a spider! x2; The pharaoh ant bites you!!
You die...

#.........##..
#####.......###
##.............# #**
#^.<..>......... ##.#
####†.....##.... ...s#*
#^..>.....#...^ ...ss#
####..^.....##.##
.).sss##.###........###,
...sswB@..##.........#
...sssBB3.##.^.......#,
....ss#^!.^#........## ,
..^s^##...##.....?..#,
...^#*##..##........#,
#.##* #...##.......##,,
#* #....#....^###,
##........## ,,
#.....^......, ,


You could see 3 broodmothers, a torpor snail (very poisoned), 2 wolf spiders, 2
culicivoras, 3 pharaoh ants, 3 jumping spiders, a tarantella (summoned,
poisoned), 3 redbacks and a friendly sun demon (summoned, slow).

Vanquished Creatures
  Arachne (Spider:2)
  Gastronok (Lair:1)
  Donald (Spider:2)
  A ghost moth (Spider:2)
  Aizul (Spider:1)
  A broodmother (Spider:3)
  3 spark wasps
  An ettin (D:15)
  A fire dragon (D:15)
  Josephine (D:10)
  An entropy weaver (Spider:2)
  A vault guard (D:14)
  2 catoblepae
  2 hydras (Lair:5)
  3 ogre magi
  3 tengu warriors
  3 boulder beetles
  8 centaur warriors
  A death knight (D:15)
  2 radroaches (Spider:2)
  14 two-headed ogres
  A deep troll shaman (Lair:5)
  6 death yaks (Lair:5)
  3 pharaoh ants
  A sun demon (Volcano)
  A skyshark (Lair:5)
  A deep troll (D:15)
  8 orb spiders (Spider:2)
  Pikel (D:8)
  2 orc knights
  A lindwurm (Lair:5)
  7 wizards
  4 deep elf pyromancers
  An oklob plant (D:11)
  9 wolf spiders
  A necromancer (D:15)
  2 steelbarb worms
  6 cyclopes
  2 orc sorcerers
  9 ugly things
  23 elephants
  7 manticores
  4 demonic crawlers
  2 torpor snails
  3 molten gargoyles
  8 black mambas
  A gargoyle (D:13)
  2 rime drakes
  6 cane toads
  2 freezing wraiths
  10 komodo dragons
  3 red devils (Volcano)
  7 trolls
  10 meliai
  A troll (shapeshifter) (D:15)
  22 blink frogs
  5 polar bears
  Grinder (D:2)
  18 tarantellas
  4 slime creatures (D:14)
  12 jumping spiders
  12 culicivoras
  A centaur simulacrum (D:15)
  30 yaks
  5 fire bats
  A vampire (D:12)
  7 wraiths
  A steam dragon (D:10)
  5 basilisks
  29 redbacks
  A human (shapeshifter) (D:14)
  7 acid dragons
  6 wargs
  16 water moccasins
  A hell hound (Volcano)
  A swamp drake (Lair:2)
  2 black bears
  21 orc warriors
  2 sky beasts
  An ice beast (D:7)
  13 wolves
  11 ogres
  17 centaurs
  A lemure (D:8)
  2 kobold brigands
  4 bullfrogs
  A gnoll sergeant (D:10)
  3 scorpions
  3 wights (D:9)
  7 killer bees (D:9)
  6 howler monkeys
  7 lava snakes (Volcano)
  5 hounds
  8 orc priests
  A gnoll bouda (D:9)
  3 jellies
  3 iron imps (D:3)
  2 sleepcaps
  Jessica (D:3)
  2 iguanas
  22 orc wizards
  5 hell rats (Lair:3)
  13 gnolls
  12 adders
  A worm (D:2)
  A dart slug (D:4)
  67 orcs
  13 ball pythons
  7 endoplasms
  A giant cockroach (D:3)
  13 goblins
  10 hobgoblins
  5 jackals
  16 kobolds
  4 quokkas
  7 bats
  4 frilled lizards
  4 rats
723 creatures vanquished.

Vanquished Creatures (collateral kills)
  A centaur warrior (Orc:2)
  Nergalle (Lair:1)
  A wolf spider (Spider:2)
  An elephant (Lair:5)
  A black mamba (Lair:3)
  A demonic crawler (Lair:2)
  A blink frog (Lair:1)
  2 yaks (Lair:2)
  A water moccasin (Lair:2)
  11 orc warriors
  4 centaurs (Orc:2)
  A howler monkey (D:9)
  A sleepcap (D:3)
  An iguana (D:6)
  An ufetubus (D:3)
  2 orcs (Orc:2)
  A goblin (D:3)
32 creatures vanquished.

Vanquished Creatures (others)
  A redback (Spider:2)
  An orc warrior (Orc:2)
  20 fungi
  42 plants
64 creatures vanquished.

Grand Total: 819 creatures vanquished

Notes
Turn   | Place    | Note
-------+----------+-------------------------------------------
     0 | D:1      | Esekla the Demonspawn Wanderer began the quest for the Orb.
     0 | D:1      | Esekla set off with the following items: a +2 dagger, a
                  | scroll of blinking, a +0 scale mail, a potion of
                  | lignification; and the following spell memorised: Sting;
                  | and the following spells available to memorise: Mephitic
                  | Cloud.
     0 | D:1      | Reached XP level 1. HP: 13/13 MP: 4/4
   168 | D:1      | Found Mizien's Book Shop.
   189 | D:1      | Gained mutation: A meltable shield of frost defends you.
                  | (SH +4) [demonic ancestry]
   189 | D:1      | Reached XP level 2. HP: 17/19 MP: 6/6
   563 | D:1      | Found a faded altar of an unknown god.
   715 | D:1      | Reached XP level 3. HP: 19/24 MP: 8/8
   769 | D:1      | Learned a level 3 spell: Mephitic Cloud
  1134 | D:2      | Reached skill level 1 in Conjurations
  1261 | D:2      | Reached skill level 1 in Dodging
  1318 | D:2      | Reached skill level 1 in Short Blades
  1423 | D:2      | Gained mutation: A weak demonic guardian rushes to your
                  | aid. [demonic ancestry]
  1423 | D:2      | Reached XP level 4. HP: 25/31 MP: 5/9
  1956 | D:3      | Found a burning altar of Makhleb.
  1965 | D:3      | Noticed Grinder
  2103 | D:2      | Paralysed by Grinder for 2 turns
  2113 | D:2      | Paralysed by Grinder for 5 turns
  2188 | D:3      | Noticed Jessica
  2198 | D:3      | Killed Jessica
  2287 | D:3      | Gained mutation: You have large cloven feet. [demonic
                  | ancestry]
  2287 | D:3      | Reached XP level 5. HP: 34/36 MP: 10/10
  2422 | D:3      | Found a transporter.
  2490 | D:3      | Noticed hawla's ghost (amateur MeFE)
  2491 | D:3      | Found a transporter.
  2805 | D:3      | Reached skill level 1 in Air Magic
  3032 | D:3      | Reached skill level 1 in Fighting
  3213 | D:4      | Reached skill level 4 in Spellcasting
  3423 | D:4      | Noticed a phantom
  3642 | D:4      | Gained mutation: A meltable icy envelope protects you from
                  | harm. (AC +8) [demonic ancestry]
  3642 | D:4      | Reached XP level 6. HP: 42/43 MP: 3/12
  4167 | D:4      | Reached skill level 1 in Transmutations
  4292 | D:3      | Learned a level 3 spell: Vampiric Draining
  4947 | D:5      | Entered Level 5 of the Dungeon
  5011 | D:5      | Reached skill level 1 in Necromancy
  5011 | D:5      | Gained mutation: You have hoof-like feet. [demonic
                  | ancestry]
  5011 | D:5      | Reached XP level 7. HP: 47/48 MP: 13/13
  5681 | D:5      | Found Kicuw's Weapon Emporium.
  6059 | D:6      | Found a blossoming altar of Fedhas.
  6557 | D:6      | Reached skill level 5 in Spellcasting
  6557 | D:6      | Reached XP level 8. HP: 51/56 MP: 13/15
  6750 | D:6      | Found an iron altar of Okawaru.
  6752 | D:6      | Found an opulent altar of Gozag.
  6754 | D:6      | Found a shimmering altar of Xom.
  6754 | D:6      | Found a bloodstained altar of Trog.
  6774 | D:6      | Learned a level 1 spell: Apportation
  6779 | D:6      | Learned a level 2 spell: Wereblood
  6919 | D:6      | Found a staircase to the Ecumenical Temple.
  6933 | Temple   | Entered the Ecumenical Temple
  7070 | Temple   | Became a worshipper of Ashenzari the Shackled
  7393 | D:7      | Found a sparkling altar of Nemelex Xobeh.
  7495 | D:7      | Found a basalt altar of Yredelemnul.
  8176 | D:7      | Found a shimmering blue altar of Sif Muna.
  8315 | D:7      | Reached * piety under Ashenzari
  8384 | D:8      | Found a sacrificial altar of Ru.
  8432 | D:8      | Reached XP level 9. HP: 45/62 MP: 9/17
  8587 | D:8      | Found a radiant altar of Vehumet.
  8734 | D:8      | Noticed Pikel
  9146 | D:1      | Bought a Trismegistus Codex for 312 gold pieces
  9150 | D:1      | Learned a level 3 spell: Ignite Poison
  9465 | D:8      | Found a stormy altar of Qazlal.
  9742 | D:8      | Found a snail-covered altar of Cheibriados.
  9746 | D:8      | Killed Pikel
  9747 | D:8      | Reached skill level 1 in Shields
  9747 | D:8      | Reached skill level 6 in Spellcasting
  9747 | D:8      | Reached skill level 1 in Fire Magic
 10074 | D:9      | Reached ** piety under Ashenzari
 10353 | D:9      | Gained mutation: A meltable icy envelope protects you from
                  | harm. (AC +8) [demonic ancestry]
 10353 | D:9      | Reached XP level 10. HP: 69/71 MP: 20/20
 10356 | D:9      | Reached skill level 1 in Ice Magic
 10371 | D:9      | Found a staircase to the Orcish Mines.
 10726 | D:9      | Found a bloodstained altar of Trog.
 10893 | D:9      | Reached skill level 5 in Necromancy
 10897 | D:9      | Reached skill level 7 in Spellcasting
 10928 | D:9      | Reached skill level 5 in Stealth
 11173 | D:10     | Entered Level 10 of the Dungeon
 11240 | D:10     | Reached skill level 1 in Long Blades
 11346 | D:10     | Noticed Josephine
 11359 | D:10     | Killed Josephine
 11442 | D:10     | Found Yvoetaj's Jewellery Emporium.
 11489 | D:10     | Reached XP level 11. HP: 78/78 MP: 21/21
 12310 | D:10     | Found an iron altar of Okawaru.
 12637 | D:11     | Reached skill level 5 in Fighting
 12831 | D:11     | Noticed an oklob plant
 13042 | D:11     | Found a staircase to the Lair.
 13050 | D:11     | Killed an oklob plant
 13242 | D:11     | Noticed a two-headed ogre
 13315 | D:11     | Killed a two-headed ogre
 13660 | D:1      | Bought a book of Spatial Translocations for 216 gold pieces
 13663 | D:1      | Learned a level 2 spell: Blink
 13698 | D:2      | Paralysed by Grinder for 3 turns
 13708 | D:2      | Killed Grinder
 14088 | Lair:1   | Entered Level 1 of the Lair of Beasts
 14380 | Lair:1   | Learned a level 5 spell: Irradiate
 14415 | Lair:1   | Reached *** piety under Ashenzari
 14682 | Lair:1   | Noticed Gastronok
 14740 | Lair:1   | Killed Gastronok
 14741 | Lair:1   | Reached skill level 1 in Translocations
 14988 | Lair:1   | Identified a scroll of acquirement
 15043 | Lair:1   | Learned a level 5 spell: Freezing Cloud
 15173 | Lair:1   | Gained mutation: A demonic guardian rushes to your aid.
                  | [demonic ancestry]
 15173 | Lair:1   | Reached XP level 12. HP: 87/87 MP: 23/23
 15456 | Lair:1   | Reached skill level 5 in Conjurations
 15616 | Lair:2   | Noticed Nergalle
 15630 | Lair:1   | Killed Nergalle
 15631 | Lair:1   | Reached skill level 8 in Spellcasting
 15788 | Lair:2   | Reached skill level 5 in Long Blades
 15856 | Lair:2   | Found a staircase to the Swamp.
 16190 | Lair:2   | Found a hole to the Spider Nest.
 16206 | Lair:2   | Reached skill level 5 in Air Magic
 17519 | Lair:3   | Learned a level 3 spell: Ozocubu's Armour
 17666 | Lair:3   | Reached XP level 13. HP: 94/94 MP: 25/25
 18050 | Lair:4   | Found a viscous altar of Jiyva.
 18050 | Lair:4   | Found a staircase to the Slime Pits.
 18155 | Lair:4   | Reached skill level 9 in Spellcasting
 19000 | Orc:1    | Entered Level 1 of the Orcish Mines
 19240 | Orc:1    | Reached **** piety under Ashenzari
 19499 | Orc:2    | Entered Level 2 of the Orcish Mines
 19754 | Orc:2    | Found a transporter.
 19759 | Orc:2    | Identified the ring "Ykyg" {Str+3 Dex+5 Slay+4}
 19760 | Orc:2    | Noticed reasonance's ghost (journeyman GrBe)
 20150 | Orc:2    | Found Baro's Weapon Emporium.
 20150 | Orc:2    | Found Kics's General Store.
 20152 | Orc:2    | Found Nufashudd's Armour Boutique.
 20154 | Orc:2    | Found Muleypt's Book Shoppe.
 20163 | Orc:2    | Bought a +2 pair of gloves for 280 gold pieces
 20559 | Orc:2    | Found a staircase to the Elven Halls.
 21329 | D:12     | Reached skill level 5 in Ice Magic
 21933 | Lair:5   | Entered Level 5 of the Lair of Beasts
 22109 | Lair:5   | Learned a level 4 spell: Olgreb's Toxic Radiance
 22112 | Lair:5   | Found a dark tunnel.
 22129 | Lair:5   | Acquired 743 gold pieces
 22222 | Volcano  | Entered a volcano
 22493 | Volcano  | Found a burning altar of Makhleb.
 22498 | Volcano  | Reached skill level 5 in Translocations
 22522 | Volcano  | Reached skill level 10 in Spellcasting
 22522 | Volcano  | Gained mutation: You are partially covered in large bone
                  | plates. (SH +4) [demonic ancestry]
 22522 | Volcano  | Reached XP level 14. HP: 103/103 MP: 28/28
 22827 | Lair:5   | Found a runed translucent gate.
 22828 | Lair:5   | Found a runed translucent gate.
 22829 | Lair:5   | Found a runed translucent gate.
 22979 | Lair:5   | Reached skill level 1 in Earth Magic
 23150 | Lair:5   | Noticed buriedalive's ghost (journeyman DEIE)
 23386 | Orc:2    | Bought a potion of heal wounds for 55 gold pieces
 24031 | Lair:5   | Identified the Elucidation of Doomed Toxicants
 26113 | D:14     | Found a hazy altar of Hepliaklqana.
 26312 | D:14     | Found the +3 warlock's mirror {omnireflect}
 26665 | Orc:2    | Bought a +2 falchion of protection for 171 gold pieces
 26909 | D:14     | Reached skill level 5 in Short Blades
 26961 | D:14     | Reached XP level 15. HP: 110/110 MP: 27/29
 27004 | D:14     | Found a gate to the Vaults.
 27412 | D:15     | Entered Level 15 of the Dungeon
 27436 | D:15     | Reached skill level 5 in Transmutations
 27491 | D:15     | Reached skill level 5 in Fire Magic
 27580 | D:15     | Reached skill level 5 in Poison Magic
 27829 | D:15     | Found Renae's Assorted Antiques.
 27841 | D:15     | Reached skill level 11 in Spellcasting
 27865 | D:15     | Bought a fading dagger for 280 gold pieces
 27865 | D:15     | Identified the +1 dagger of Blood {drain, rElec Will++
                  | Dex+2 Stlth-} (You bought it in a shop on level 15 of the
                  | Dungeon)
 27939 | D:15     | Learned a level 4 spell: Sticky Flame
 28105 | D:15     | Found a staircase to the Depths.
 28178 | D:15     | Acquired 924 gold pieces
 28239 | D:15     | Identified the +6 rapier "Tinoradd" {freeze, rC+ Dex+8}
 28896 | Spider:1 | Entered Level 1 of the Spider Nest
 28897 | Spider:1 | Identified the +8 demon whip of Destiny {flame, Drain
                  | Fragile rElec rPois}
 29977 | Spider:2 | Noticed Aizul
 29995 | Spider:1 | Killed Aizul
 30283 | Spider:2 | Gained mutation: You have hooves in place of feet. [demonic
                  | ancestry]
 30283 | Spider:2 | Reached XP level 16. HP: 118/118 MP: 31/31
 30811 | Spider:2 | Noticed Arachne
 30842 | Spider:2 | Killed Arachne
 31428 | Spider:2 | Reached skill level 5 in Earth Magic
 31558 | Spider:2 | Noticed Donald
 31581 | Spider:2 | Killed Donald
 31582 | Spider:2 | Reached skill level 5 in Dodging
 31833 | Spider:3 | Reached skill level 12 in Spellcasting
 31836 | Spider:3 | Reached skill level 10 in Necromancy
 32060 | Spider:3 | Slain by a pharaoh ant

Illustrated notes

Levels and vault maps discovered:
D:1:      scummos_arrival_simple_fountains, layout_basic, serial_shops,
          nicolae_shop_just_a_little_nook, ebering_ecumenical_altar_rust,
          serial_bayou, serial_bayou_pond_e, serial_bayou_pond_a,
          serial_bayou_lagoon_a, serial_bayou_crossing
D:2:      layout_rooms, st_stairs_9
D:3:      layout_basic, demons_altar, gammafunk_ghost_arena, uniq_jessica,
          uniq_grinder
D:4:      layout_cave_pods, minmay_diced_spiral
D:5:      layout_basic, serial_shops, nicolae_shop_window_shopping,
          hangedman_abyss_or_decor_stabs, minmay_misc_feat_tiny
D:6:      layout_loops_ring, lemuel_crystal_altar, doesnt_xom_only_xom,
          minmay_temple_entry_butterflies
D:7:      layout_basic, led_sif_pool, mainiacjoe_overflow_concentric_impassable,
          mainiacjoe_overflow_chevrons
D:8:      nicolae_cairo_tiling, layout_loops_ring, fiery_altar_vehumet,
          marbit_many_paths, mainiacjoe_overflow_cross_hatched,
          mainiacjoe_overflow_catwalk, nicolae_qazlal_eye_of_the_storm,
          uniq_pikel
D:9:      layout_roguey, trog_hazing_becter, elyvilon_altar_5, orc_0_dummy
D:10:     layout_loops_ring, mainiacjoe_overflow_alcove_1, serial_shops,
          nicolae_shop_trees, chequers_serial_rivers_small_a,
          hangedman_decor_points, uniq_josephine
D:11:     layout_roguey, dpeg_oklobed_lair, hangedman_decor_diamond_cutter,
          nicolae_tso_swordbearing_angel
D:12:     layout_loops_ring
D:13:     layout_loops_ring, wad_floor_pattern_untrapped
D:14:     minmay_smoke_and_mirrors, layout_long_grid, david_vaults_5,
          lemuel_crystal_altar
D:15:     hangedman_depths_entry_civil_slaughter, layout_cave_pools,
          small_statue_alley_a, serial_shops, nicolae_shop_tiny_glass,
          dk_noncrumbling_4, evilmike_minifort
Temple:   nicolae_temple_superstar
Lair:1:   layout_cave_pods, chequers_serial_rivers_large_a,
          mumra_transporter_accident, grunt_megastairs_4,
          infiniplex_staircase_pool_2, uniq_gastronok
Lair:2:   layout_cave_pods, minmay_swamp_entry_reptiles, spider_nest_entry_a,
          infiniplex_staircase_pool, uniq_nergalle
Lair:3:   layout_cave_shapes, lemuel_fruit_fields, serial_bayou_shore_b
Lair:4:   layout_roguey, slime_entry_1
Lair:5:   grunt_lair_end_beastmaster, layout_gridlike, gammafunk_ghost_split,
          nicolae_volcano_entry_batcave, serial_bayou_pond_e, grunt_megastairs_5
Spider:1: layout_spider_delve
Spider:2: layout_spider_delve, nicolae_spider_orb_run,
          nicolae_spider_cling_halls, uniq_aizul, uniq_donald, uniq_arachne
Spider:3: nicolae_spider_broodchamber, nicolae_spider_paper_wasps,
          uniq_bai_suzhen
Orc:1:    layout_caves, nicolae_orc_crystal_geode
Orc:2:    st_orc_rangers, layout_caves, gammafunk_ghost_smash, nooodl_orcs_dogs

Skill      XL: |  1  2  3  4  5  6  7  8  9 10 11 12 13 14 15 16 |
---------------+-------------------------------------------------+-----
Conjurations   | 1 2 3 4 5 6 |  6.8
Dodging        | 1 2 3 4 5 |  5.0
Short Blades   | 1 2 3 4 5 |  5.0
Air Magic      | 1 2 3 4 5 6 |  6.4
Fighting       | 1 2 3 4 5 6 7 8 9 |  9.3
Stealth        | 3 4 5 6 |  6.6
Spellcasting   | 4 5 6 7 8 10 11 12 | 12.0
Transmutations | 1 2 3 4 5 6 |  6.3
Poison Magic   | 2 3 4 5 |  5.3
Necromancy     | 1 2 3 4 5 7 8 9 10 | 10.0
Armour         | 2 3 |  3.9
Shields        | 1 2 3 4 |  4.7
Fire Magic     | 1 3 4 5 |  5.2
Ice Magic      | 1 3 4 5 6 7 |  7.0
Long Blades    | 2 4 6 7 8 9 |  9.8
Throwing       | 2 |  2.8
Translocations | 1 3 5 6 7 |  7.3
Earth Magic    | 2 4 5 |  5.3

Action                     |  1- 3 |  4- 6 |  7- 9 | 10-12 | 13-15 | 16-18 || total
---------------------------+-------+-------+-------+-------+-------+-------++-------
  Melee: Dagger            |   153 |   145 |   301 |   117 |    89 |    10 ||   815
         Punch             |     1 |     2 |     5 |     1 |     2 |       ||    11
         Spear             |       |     2 |       |       |       |       ||     2
         Great sword       |       |       |       |   210 |   372 |       ||   582
         Falchion          |       |       |       |       |   370 |    86 ||   456
         Kick              |       |       |       |       |       |    45 ||    45
  Throw: Dart              |       |     6 |    32 |    30 |     8 |       ||    76
         Boomerang         |       |       |       |       |     1 |     3 ||     4
   Cast: Sting             |    10 |    41 |    42 |    23 |       |       ||   116
         Mephitic Cloud    |     1 |    14 |    22 |    67 |    55 |     4 ||   163
         Vampiric Draining |       |     2 |    29 |    40 |    39 |     8 ||   118
         Apportation       |       |       |     1 |    16 |    42 |     1 ||    60
         Ignite Poison     |       |       |     6 |    44 |    39 |    10 ||    99
         Wereblood         |       |       |       |     7 |    45 |     8 ||    60
         Freezing Cloud    |       |       |       |    10 |    49 |     1 ||    60
         Irradiate         |       |       |       |     3 |    24 |     4 ||    31
         Blink             |       |       |       |     2 |     1 |     2 ||     5
         Ozocubu's Armour  |       |       |       |     1 |    19 |     7 ||    27
         Olgreb's Toxic Ra |       |       |       |       |    30 |    23 ||    53
         Sticky Flame      |       |       |       |       |    12 |    16 ||    28
 Invoke: Curse Item        |       |       |     3 |     2 |     3 |       ||     8
         Shatter the Chain |       |       |       |       |     2 |       ||     2
    Use: Scroll            |       |     8 |     3 |     1 |     4 |       ||    16
         Potion            |       |       |       |     1 |     7 |     6 ||    14
   Stab: Confused          |     1 |     6 |    16 |    28 |    23 |     3 ||    77
         Sleeping          |     1 |     8 |    14 |     6 |    29 |     2 ||    60
         Paralysed         |       |       |       |       |     2 |       ||     2
         Petrifying        |       |       |       |       |     1 |       ||     1
         Petrified         |       |       |       |       |     1 |       ||     1
 Armour: Scale mail        |    35 |       |       |       |       |       ||    35
         Robe              |     4 |    22 |    60 |       |    14 |       ||   100
         Leather armour    |       |       |    43 |   250 |   160 |       ||   453
         Troll leather arm |       |       |       |       |   334 |    56 ||   390
  Dodge: Dodged            |    69 |    87 |   156 |   303 |   741 |    78 ||  1434
  Block: Other             |    22 |    18 |    47 |    77 |   170 |       ||   334
         Buckler           |       |       |       |       |   528 |   131 ||   659
         Reflection        |       |       |       |       |    10 |     2 ||    12
